 Dungeon Crawl Stone Soup version 0.22-a0-467-g5c5de1c (webtiles) character file.

437 Espgualade the Skirmisher (level 7, 0/47 HPs)
             Began as a Tengu Ice Elementalist on June 10, 2018.
             Killed from afar by an orc wizard (5 damage)
             ... with a puff of frost
             ... on level 4 of the Dungeon.
             The game lasted 00:09:57 (3175 turns).

Espgualade the Skirmisher (Tengu Ice Elementalist)  Turns: 3175, Time: 00:09:59

Health: 0/47       AC:  4    Str:  9    XL:     7   Next: 1%
Magic:  4/11       EV: 12    Int: 17    God:
Gold:   190        SH:  0    Dex: 14    Spells: 4/10 levels left

rFire    x . .     SeeInvis .   k - +0 scythe
rCold    + . .     Gourm    .   (shield currently unavailable)
rNeg     . . .     Faith    .   a - +2 robe
rPois    .         Spirit   .   (helmet restricted)
rElec    .         Reflect  .   (no cloak)
rCorr    .         Harm     .   (no gloves)
MR       .....                  (boots unavailable)
Stlth    ++........             (no amulet)
HPRegen  0.15/turn              f - ring of ice
MPRegen  0.12/turn              (no ring)

@: no status effects
A: beak, talons 3, able to fly 1
a: Fly


You were on level 4 of the Dungeon.
You were not hungry.

You visited 1 branch of the dungeon, and saw 4 of its levels.

You collected 190 gold pieces.

Inventory:

Hand Weapons
 i - a +1 dagger of protection
 k - a +0 scythe (weapon)
Armour
 a - a +2 robe (worn)
Jewellery
 f - a ring of ice (left hand)
 m - an uncursed amulet of faith {unknown}
 n - a cursed amulet of inaccuracy {unknown}
Wands
 b - a wand of disintegration (18)
Scrolls
 d - a scroll of amnesia
 g - 3 scrolls of remove curse
Potions
 e - a potion of cancellation
 h - a potion of flight
 j - a potion of curing {unknown}
Comestibles
 c - 5 rations
 l - a chunk of flesh


   Skills:
 + Level 6.9 Fighting
 - Level 2.1 Dodging
 - Level 2.0 Stealth
 - Level 2.0 Spellcasting
 - Level 1.3 Conjurations
 - Level 2.6 Ice Magic


You had 4 spell levels left.
You knew the following spells:

 Your Spells              Type           Power        Failure   Level  Hunger
a - Freeze                Ice            ###.         6%          1    #......
b - Throw Frost           Conj/Ice       ##....       13%         2    ###....
c - Ozocubu's Armour      Chrm/Ice       #.......     32%         3    ###....

Your spell library contained the following spells:

 Spells                   Type           Power        Failure   Level  Hunger
 Summon Ice Beast         Ice/Summ       #.......     73%         4    #####..
 Throw Icicle             Conj/Ice       ##......     63%         4    #####..


Dungeon Overview and Level Annotations

Branches:
Dungeon (4/15)
 Temple: D:4-7

Altars:
Cheibriados
Makhleb
Trog
Xom
The Shining One

Annotations:
D:3 Grinder
D:4 Blork the orc, Pikel


Innate Abilities, Weirdness & Mutations

You have a beak for a mouth.
You have claws for feet.
You can fly.


Message History

Confirm with . or Enter, or press ? or * to list all spells.
Aiming: Freeze (safe; 6% risk of failure)
Press: ? - help, Shift-Dir - straight line, f/p - orc wizard
Aim: an orc wizard, wielding a dagger and wearing a runed robe (severely wounded)
You feel a surge of power!
You freeze the orc wizard.
The orc wizard is almost dead.
The orc wizard closely misses you.
You closely miss the orc wizard. Your kick misses the orc wizard.
You peck the orc wizard, but do no damage.
The orc wizard is almost dead.
The orc wizard mumbles some strange words.
The orc wizard seems to speed up.
The orc wizard hits you but does no damage.
You barely miss the orc wizard. You claw the orc wizard.
The orc wizard is almost dead.
The orc wizard hits you with a dagger.
* * * LOW HITPOINT WARNING * * *
The orc wizard gestures at you while chanting.
The puff of frost hits you! You resist.
You die...

#..##..Z..# ..
#..##.....#....
#...+.._..'..
#..##......#
##...#.....# . #....
##'## ..#
#...###...##...#
#...o..........#
#....@.........#
#.<#'..........#
#.#.#.......)..+
#######.#.#'#+#.....#
.......#[#)#.# #+#+#.
.......+#.#.#.#
.........#.#.#.#
........#.#.#.#.#
#+####.#.#.#?#.#.#


You could see an orc wizard.

Vanquished Creatures
  Sigmund (D:3)
  A vampire bat (D:3)
  An orc priest (D:4)
  Natasha (thrice) (D:3)
  Robin (D:3)
  2 adders (D:3)
  A white imp (D:4)
  A worm (D:2)
  3 dart slugs
  A leopard gecko (D:1)
  2 orcs
  3 giant cockroaches
  13 goblins
  11 hobgoblins
  9 jackals
  9 kobolds
  2 ball pythons (D:1)
  12 bats
  4 frilled lizards
  A goblin skeleton (D:4)
  A goblin zombie (D:4)
  3 hobgoblin zombies (D:4)
  2 kobold zombies (D:4)
  An orc skeleton (D:4)
  An orc zombie (D:4)
  9 rats
98 creatures vanquished.

Notes
Turn   | Place    | Note
-------+----------+-------------------------------------------
     0 | D:1      | Espgualade the Tengu Ice Elementalist began the quest for the Orb.
     0 | D:1      | Reached XP level 1. HP: 10/10 MP: 4/4
    47 | D:1      | Reached skill level 1 in Fighting
   168 | D:1      | Reached XP level 2. HP: 15/16 MP: 6/6
   187 | D:1      | Reached skill level 2 in Fighting
   584 | D:1      | Reached XP level 3. HP: 19/22 MP: 5/7
   909 | D:1      | Learned a level 2 spell: Throw Frost
   913 | D:1      | Learned a level 3 spell: Ozocubu's Armour
   964 | D:2      | Found a snail-covered altar of Cheibriados.
   970 | D:2      | Reached skill level 3 in Fighting
   993 | D:2      | Found a bloodstained altar of Trog.
  1066 | D:2      | Found a burning altar of Makhleb.
  1095 | D:2      | Found a shimmering altar of Xom.
  1478 | D:3      | Noticed Grinder
  1510 | D:3      | Reached XP level 4. HP: 25/28 MP: 3/8
  1539 | D:3      | Noticed Natasha
  1830 | D:3      | Killed Natasha
  1830 | D:3      | Reached skill level 4 in Fighting
  2053 | D:3      | Noticed Robin
  2067 | D:3      | Killed Robin
  2123 | D:3      | Noticed Natasha
  2135 | D:3      | Killed Natasha
  2135 | D:3      | Gained mutation: You can fly. [Tengu growth]
  2135 | D:3      | Reached XP level 5. HP: 32/34 MP: 2/9
  2218 | D:3      | Noticed Sigmund
  2323 | D:3      | Killed Sigmund
  2323 | D:3      | Reached skill level 6 in Fighting
  2323 | D:3      | Reached XP level 6. HP: 9/41 MP: 4/10
  2727 | D:3      | Noticed Natasha
  2740 | D:3      | Killed Natasha
  2814 | D:4      | Noticed Blork the orc
  2814 | D:4      | Noticed Pikel
  2814 | D:4      | Noticed a slave
  2814 | D:4      | Noticed a slave
  2814 | D:4      | Noticed a slave
  2814 | D:4      | Noticed a slave
  3076 | D:4      | Found a glowing golden altar of the Shining One.
  3160 | D:4      | Reached XP level 7. HP: 22/47 MP: 7/11
  3175 | D:4      | Killed from afar by an orc wizard

Vault maps used:
D:1:      minmay_arrival_stair_chambers
D:2:      bloody_trog, kennysheep_slug_shrine, lemuel_round_altar,
          bloody_makhleb
D:3:      lemuel_doored_altar, dk_vineyard_3, roderic_batcave, hex_large,
          uniq_robin, uniq_natasha, uniq_sigmund, uniq_grinder
D:4:      nicolae_tso_besieged_by_evil, yredelemnul_altar_generic,
          lemuel_round_altar, serial_shops, shop, first_ration,
          uniq_blork_the_orc, uniq_pikel

Skill      XL: |  1  2  3  4  5 |
---------------+----------------+-----
Fighting       | 1 2 3 4 6 |  6.9
Dodging        | |  2.1
Stealth        | |  2.0
Spellcasting   | |  2.0
Conjurations   | |  1.3
Ice Magic      | |  2.6

Action                   |  1- 3 |  4- 6 |  7- 9 || total
-------------------------+-------+-------+-------++-------
Melee: Unarmed           |    21 |       |       ||    21
       Kick              |    19 |    29 |     1 ||    49
       Peck              |     9 |    16 |     1 ||    26
       Short sword       |    29 |       |       ||    29
       Dagger            |    37 |    51 |       ||    88
       Scythe            |       |    72 |     5 ||    77
 Cast: Freeze            |    15 |    36 |     6 ||    57
       Ozocubu's Armour  |       |     2 |       ||     2
       Throw Frost       |       |     1 |       ||     1
  Use: Scroll            |     4 |     1 |       ||     5
       Potion            |       |     5 |       ||     5
 Stab: Sleeping          |    10 |     2 |       ||    12
       Distracted        |       |     1 |       ||     1
  Eat: Chunk             |     1 |     8 |       ||     9
Armor: Robe              |    25 |    72 |     1 ||    98
Dodge: Dodged            |    53 |   157 |     4 ||   214

Table legend:
 A = Spawn XP
 B = Non-spawn XP
 C = Spawn XP percentage of total XP
 D = Spawn monster count
 E = Non-spawn monster count
 F = Spawn count percentage of total count
 G = Total turns spent on level
                    A         B        C        D         E        F      G
               +---------+---------+-------+---------+---------+-------+---------
         Total |       0 |     625 |   0.0 |       0 |      98 |   0.0 |  3175
               +---------+---------+-------+---------+---------+-------+---------
           D:1 |       0 |      45 |   0.0 |       0 |      26 |   0.0 |   914
           D:2 |       0 |      22 |   0.0 |       0 |      10 |   0.0 |   586
           D:3 |       0 |     493 |   0.0 |       0 |      49 |   0.0 |  1559
           D:4 |       0 |      65 |   0.0 |       0 |      13 |   0.0 |   116
               +---------+---------+-------+---------+---------+-------+---------
